 Dungeon Sprint DCSS version 0.22.1-1-ga44c0e56f4 (webtiles) character file.

70 MuseOD the Sneak (level 4, 0/36 HPs)
             Began as a Spriggan Enchanter on Sept 23, 2018.
             Succumbed to a worker ant's poison
             ... in the Dungeon (Sprint II: "The Violet Keep of Menkaure").
             The game lasted 00:00:18 (33 turns).

MuseOD the Sneak (Spriggan Enchanter)                 Turns: 33, Time: 00:00:18

Health: 0/36       AC:  2    Str:  9    XL:     4   Next: 3%
Magic:  9/9        EV: 18    Int: 17    God:
Gold:   0          SH:  0    Dex: 16    Spells: 7/8 levels left

rFire    . . .     SeeInvis +   a - +1 dagger
rCold    . . .     Gourm    .   (shield restricted)
rNeg     . . .     Faith    .   b - +0 robe
rPois    .         Spirit   .   (helmet restricted)
rElec    .         Reflect  .   (no cloak)
rCorr    .         Harm     .   (gloves unavailable)
MR       .....     NoTele   +   (boots unavailable)
Stlth    ..........             (no amulet)
HPRegen  0.12/turn              (no ring)
MPRegen  0.11/turn              (no ring)

@: berserking (expiring), lethally poisoned (0 -> -11), very quick
A: very small, unfitting armour, see invisible, herbivore, speed 3, slow
metabolism 2
a: no special abilities


You were in the Dungeon.
You were not hungry.

You visited 1 branch

Inventory:

Hand Weapons
 a - a +1 dagger (weapon)
Armour
 b - a +0 robe (worn)
Scrolls
 j - a scroll of blinking
Potions
 e - a potion of curing
 f - a potion of heal wounds
 g - a potion of haste
 h - 2 potions of magic
Comestibles
 d - a ration


   Skills:
 + Level 3.0 Fighting
 * Level 6.1 Short Blades
 - Level 3.0 Dodging
 + Level 7.5 Stealth
 - Level 2.6 Spellcasting
 - Level 3.6 Hexes


You had 7 spell levels left.
You knew the following spells:

 Your Spells              Type           Power        Failure   Level  Hunger
a - Corona                Hex            ##.....      4%          1    #......

Your spell library contained the following spells:

 Spells                   Type           Power        Failure   Level  Hunger
 Confuse                  Hex            ##......     12%         3    ###....
 Tukima's Dance           Hex            ##......     12%         3    ###....
 Ensorcelled Hibernation  Hex/Ice        #.....       13%         2    ##.....
 Dazzling Spray           Conj/Hex       #.....       26%         3    ###....


Dungeon Overview and Level Annotations

Branches:
Dungeon (1/1)

Altars:


Innate Abilities, Weirdness & Mutations

You are very small and have problems with some larger weapons.
You are too small for most types of armour.
You have supernaturally acute eyesight. (SInv)
You are a herbivore.
You cover ground extremely quickly.
You need to consume almost no food.


Message History

The worker ant is severely wounded.
You feel sick. The worker ant bites you!
* * * LOW HITPOINT WARNING * * *
You are more poisoned.
The worker ant poisons you!
You barely miss the worker ant.
The worker ant is severely wounded.
The worker ant misses you.
You hit the worker ant.
You kill the worker ant!
Your Fighting skill increases to level 3!
Your Short Blades skill increases to level 6!
You have reached level 4!
* * * LOW HITPOINT WARNING * * *
You feel sick. The worker ant barely misses you.
You puncture the worker ant!
The worker ant is heavily wounded.
You barely miss the worker ant.
The worker ant is heavily wounded.
You die... ## ## .# #.
H#H

# #+# .##
##.##.m.#
+.<.+.#
##.##...#
#'# .##
#@# #
#.†#a.#
##. .##
## ##


You could see a worker ant.

Vanquished Creatures
  3 worker ants (D)
3 creatures vanquished.

Notes
Turn   | Place    | Note
-------+----------+-------------------------------------------
     0 | D        | MuseOD the Spriggan Enchanter began the quest for the Orb.
     0 | D        | Reached XP level 1. HP: 9/9 MP: 5/5
     1 | D        | Noticed a merfolk siren
     4 | D        | Noticed a hippogriff
     4 | D        | Noticed a hippogriff
     8 | D        | Noticed a worker ant
     8 | D        | Noticed a worker ant
    10 | D        | Noticed a worker ant
    10 | D        | Noticed a worker ant
    18 | D        | Killed a worker ant
    18 | D        | Reached skill level 6 in Stealth
    18 | D        | Reached XP level 2. HP: 14/15 MP: 6/6
    24 | D        | Reached skill level 5 in Short Blades
    24 | D        | Reached skill level 7 in Stealth
    24 | D        | Reached XP level 3. HP: 10/19 MP: 8/8
    31 | D        | Reached XP level 4. HP: 2/24 MP: 9/9
    31 | D        | HP: 1/36 [poisoned by a worker ant]
    33 | D        | Succumbed to a worker ant's poison

Skill      XL: |  1  2  3 |
---------------+----------+-----
Fighting       | 2 3 |  3.0
Short Blades   | 4 5 6 |  6.1
Stealth        | 6 7 |  7.5
Dodging        | |  3.0
Spellcasting   | |  2.6
Hexes          | |  3.6

Action                   |  1- 3 |  4- 6 || total
-------------------------+-------+-------++-------
Melee: Dagger            |    18 |     2 ||    20
  Use: Potion            |     1 |       ||     1
 Stab: Sleeping          |     1 |       ||     1
Armor: Robe              |     1 |       ||     1
Dodge: Dodged            |     9 |     1 ||    10
